Map: Acid Plant LE

Players

Mana

  • Race: Protoss Protoss
  • Spawn Location: 11:00

Future - Winner!

  • Race: Terran Terran
  • Spawn Location: 5:00

Event: WCS Montreal 2018

VOD

Have the link to the VOD?

Description

Time

  • Played on: Sept. 7, 2018, 3:28 p.m.
  • Length: 13:05

All games in this series

Show
View Real Time Build Order
Export as new Build Order

Mana Protoss 

Build Orders: 1 Gate Expand 

Get SALT Encoding   

  12  0:00  Probe  
  13  0:12  Probe  
  14  0:17  Pylon  
  14  0:24  Probe  
  15  0:32  Probe  
  15  0:37  Gateway  
  15  0:40  Probe  
  17  0:50  Probe  
  17  0:52  Assimilator  
  18  0:58  Probe  
  19  1:06  Probe  
  20  1:24  Nexus  
  20  1:34  Cybernetics Core  
  20  1:36  Probe  
  21  1:43  Assimilator  
  21  1:48  Probe  
  21  1:51  Pylon  
  22  2:00  Stalker, Probe  
  23  2:12  Warp Gate, Probe  
  26  2:24  Adept, Probe  
  26  2:26  Robotics Facility  
  27  2:36  Probe  
  30  2:38  Probe  
  31  2:48  Probe  
  31  2:49  Stalker  
  31  2:50  Probe  
  35  3:01  Probe  
  35  3:02  Probe  
  37  3:10  Gateway  
  37  3:14  Probe, Observer  
  37  3:15  Gateway  
  37  3:17  Probe  
  40  3:24  Warp Prism, Pylon  
  40  3:26  Probe  
  41  3:29  Probe  
  42  3:41  Probe x2  
  43  3:47  Shield Battery  
  44  3:51  Twilight Council  
  44  3:53  Probe x2  
  46  4:05  Probe x2  
  46  4:07  Resonating Glaives  
  46  4:09  Forge  
  48  4:16  Adept x3  
  46  4:17  Probe  
  46  4:23  Probe  
  45  4:42  Adept x3  
  51  4:51  Probe  
  52  4:59  Probe  
  50  5:03  Probe  
  39  5:11  Probe  
  40  5:15  Probe  
  41  5:22  Adept x2  
  41  5:23  Probe  
  46  5:29  Probe  
  46  5:32  Protoss Ground Weapons Level 1  
  46  5:35  Probe  
  48  5:41  Probe  
  49  5:47  Probe  
  50  5:53  Probe  
  50  6:06  Adept x2  
  50  6:10  Probe  
  51  6:14  Probe  
  48  6:22  Probe  
  42  6:26  Probe  
  42  6:31  Adept x2, Probe  
  42  6:32  Adept  
  49  6:34  Probe  
  49  6:39  Probe  
  51  6:42  Probe  
  51  6:48  Probe  
  51  6:49  Warp Prism  
  51  6:53  Probe  
  53  7:05  Pylon  
  53  7:09  Pylon  
  53  7:11  Blink  
  53  7:12  Assimilator  
  53  7:13  Assimilator  
  53  7:20  Probe  
  53  7:21  Pylon  
  54  7:26  Sentry x2  
  54  7:29  Immortal  
  62  7:33  Probe x2  
  62  7:34  Observer  
  64  7:39  Protoss Ground Armor Level 1  
  64  7:40  Gateway  
  64  7:45  Stalker, Probe x2  
  64  7:46  Observer  
  68  7:57  Probe x2  
  70  8:04  Immortal  
  68  8:09  Probe x2  
  74  8:18  Robotics Bay  
  74  8:21  Probe x2  
  75  8:36  Observer  
  75  8:40  Pylon, Probe x2  
  78  8:50  Gateway  
  78  8:52  Gateway  
  78  8:53  Gateway  
  78  8:54  Nexus  
  78  9:00  Adept x2  
  82  9:03  Adept  
  84  9:15  Disruptor  
  84  9:22  Pylon  
  85  9:25  Pylon  
  81  9:33  Adept x4  
  82  9:51  Adept x3  
  82  9:53  Adept x3  
  82  9:59  Disruptor  
  72  10:07  Stalker  
  72  10:12  Stalker x3  
  76  10:15  Adept x3  
  82  10:25  Disruptor  
  82  10:32  Nexus  
  85  10:36  Adept x2, Sentry  
  85  10:39  Stalker  
  93  10:47  Pylon  
  93  10:49  Pylon  
  93  11:00  Adept  
  93  11:01  Stalker  
  85  11:09  Adept  
  85  11:10  Adept x3  
  85  11:16  Adept  
  87  11:24  Immortal  
  90  11:30  Adept  
  90  11:31  Adept  
  94  11:37  Adept x2  
  96  11:41  Adept  
  98  11:47  Adept  
  95  12:05  Stalker x4  
  80  12:14  Stalker  
  57  12:26  Adept x2  
  57  12:27  Adept  
  57  12:28  Adept  
  64  12:33  Adept  
  60  12:42  Stalker  
  59  12:45  Stalker  
Show
View Real Time Build Order
Export as new Build Order

Future Terran - Winner!

Build Orders: Gas First Reaper Expand, Liberator Opening, Reaper Expand, MMM Bio 

Get SALT Encoding   

  12  0:00  SCV  
  13  0:12  SCV  
  14  0:17  Supply Depot  
  14  0:24  SCV  
  15  0:29  Refinery  
  15  0:38  SCV  
  16  0:45  Barracks  
  16  0:50  SCV  
  17  1:03  SCV  
  18  1:15  SCV  
  19  1:32  Reaper, Orbital Command  
  20  1:46  Command Center  
  20  1:58  Factory  
  20  2:02  SCV  
  20  2:07  Barracks Reactor  
  21  2:10  Refinery  
  21  2:14  SCV  
  22  2:21  Supply Depot  
  22  2:26  SCV  
  23  2:42  SCV, Starport  
  24  2:48  Hellion  
  24  2:50  Hellion  
  28  2:55  SCV  
  29  3:01  Orbital Command  
  29  3:10  Hellion  
  31  3:13  Hellion  
  31  3:15  SCV  
  34  3:21  Medivac  
  36  3:31  SCV  
  37  3:34  Liberator  
  37  3:46  SCV x2  
  37  3:47  Factory Tech Lab  
  37  3:48  Marine x2, Supply Depot  
  44  3:58  SCV  
  44  3:59  SCV  
  46  4:09  Marine x2  
  46  4:10  Siege Tank  
  46  4:11  Bunker  
  46  4:12  SCV  
  51  4:17  Supply Depot  
  49  4:24  SCV  
  49  4:25  SCV  
  49  4:27  Marine x2  
  53  4:33  Barracks  
  53  4:37  SCV, Barracks  
  54  4:46  SCV  
  54  4:48  Marine x2  
  54  4:59  Siege Tank  
  55  5:06  Marine  
  54  5:09  Marine  
  49  5:15  SCV  
  49  5:24  Marine  
  49  5:26  Marine  
  50  5:31  Siege Tank  
  50  5:32  SCV  
  50  5:33  Engineering Bay  
  50  5:34  Supply Depot  
  54  5:42  Marine  
  55  5:44  SCV, Marine  
  55  5:46  Viking  
  59  5:53  Orbital Command  
  59  5:56  Barracks Tech Lab  
  59  5:57  SCV  
  60  6:01  Terran Infantry Weapons Level 1  
  60  6:04  Marine x2  
  59  6:07  Barracks Tech Lab  
  59  6:09  SCV  
  60  6:14  Marine  
  60  6:16  Stimpack  
  53  6:21  SCV  
  53  6:22  Marine  
  53  6:23  SCV  
  48  6:33  SCV  
  48  6:35  SCV, Marine x2  
  49  6:45  SCV  
  49  6:46  Marine x2  
  51  6:47  SCV  
  51  6:57  SCV  
  51  6:59  SCV  
  55  7:02  Marine  
  55  7:03  Marine  
  57  7:09  SCV  
  57  7:15  SCV  
  57  7:16  Bunker  
  57  7:19  Marauder, Marine  
  57  7:20  Marine  
  57  7:21  Marauder, SCV  
  64  7:27  SCV, Supply Depot  
  68  7:30  Supply Depot  
  68  7:33  SCV, Supply Depot  
  66  7:37  Missile Turret  
  66  7:38  Medivac  
  66  7:39  SCV  
  66  7:40  Combat Shields  
  69  7:45  SCV  
  69  7:51  SCV  
  71  7:53  Marine x3  
  71  7:54  Marine  
  71  7:56  Supply Depot  
  71  7:58  SCV, Refinery  
  76  8:03  SCV  
  75  8:06  Siege Tank  
  75  8:09  Medivac  
  75  8:10  SCV  
  75  8:11  Marine  
  75  8:12  Marine  
  81  8:17  Marauder  
  84  8:25  SCV  
  84  8:26  Missile Turret  
  84  8:30  SCV  
  84  8:32  Marauder, Marine x2  
  89  8:36  Concussive Shells  
  89  8:39  Marauder  
  91  8:42  Medivac  
  93  8:52  Marine x2  
  93  8:53  Marine, Siege Tank  
  99  8:56  Supply Depot  
  99  8:58  Liberator  
  99  8:59  Marine  
  100  9:04  Supply Depot  
  100  9:07  Supply Depot  
  100  9:08  SCV  
  100  9:09  SCV, Marine  
  98  9:21  SCV x2  
  99  9:25  Marine x2  
  98  9:37  Marine x2  
  98  9:39  SCV  
  98  9:42  Marine  
  98  9:43  Liberator, Marine  
  101  9:52  SCV  
  99  9:55  Marine x2  
  97  10:00  Marine x2  
  97  10:02  SCV  
  97  10:06  SCV  
  95  10:11  Missile Turret  
  95  10:13  Marauder, Marine  
  98  10:19  Marauder  
  100  10:22  Marine  
  100  10:28  Siege Tank  
  104  10:30  Marine  
  102  10:39  SCV  
  102  10:40  SCV  
  104  10:44  Marauder x2, Marine  
  104  10:48  Marine  
  109  11:00  Liberator  
  109  11:01  Siege Tank  
  109  11:02  Marine  
  108  11:05  Marine  
  108  11:06  Marauder  
  107  11:16  Marine  
  98  11:20  Marine  
  99  11:27  Marauder  
  99  11:31  Marauder  
  103  11:34  Marine  
  103  11:37  Marine  
  105  11:41  SCV  
  105  11:45  SCV  
  107  11:48  Marine  
  107  11:50  Siege Tank  
  107  11:52  Marine  
  107  11:53  SCV  
  102  12:04  Marauder, Marine  
  102  12:05  Marine  
  75  12:26  Siege Tank  
  80  12:36  Bunker  
  81  12:41  Marine x3  
  86  12:44  Marauder  
Tags
 
Add a new tag
Caveats
  • Supply blocks, unpowered buildings, or Contaminate may cause inaccurate times.
  • Supply counts are checked every 10 seconds.